 Dungeon Crawl Stone Soup version 0.24.0-1-gfbc8707122 (webtiles) character file.

Game seed: 2156488122301098944, levelgen mode: deterministic

43531 Howlingfantods the Peltast (level 13, -11/116 HPs)
             Began as a Minotaur Fighter on Oct 28, 2019.
             Was the Champion of Okawaru.
             Killed from afar by a molten gargoyle (30 damage)
             ... with a bolt of magma
             ... on level 6 of the Lair of Beasts.
             The game lasted 02:35:21 (16812 turns).

Howlingfantods the Peltast (Minotaur Fighter)      Turns: 16812, Time: 02:35:21

Health: -11/116    AC: 29    Str: 26    XL:     13   Next: 91%
Magic:  13/13      EV: 13    Int:  3    God:    Okawaru [******]
Gold:   1273       SH: 25    Dex: 15    Spells: 12/12 levels left

rFire    + . .     SeeInvis +   a - +3 hand axe (chop)
rCold    . . .     Gourm    .   g - +1 large shield
rNeg     . . .     Faith    .   M - +8 chain mail of the Great Game {rCorr Str-2 Dex+5}
rPois    .         Spirit   .   (helmet restricted)
rElec    .         Reflect  .   J - +0 cloak (curse)
rCorr    +         Harm     .   u - +0 pair of gloves (curse)
MR       ++...                  N - +0 pair of boots
Stlth    ..........             G - amulet of magic regeneration (curse)
HPRegen  0.29/turn              f - ring of resist corrosion
MPRegen  0.38/turn              m - ring of Wishful Thinking {MR++ SInv}

@: heroism
A: retaliatory headbutt, horns 2, thin metallic scales 1, dopey 1, fire
resistance 1, strong 1
a: Heroism, Finesse, Renounce Religion


You were on level 6 of the Lair of Beasts.
You worshipped Okawaru.
Okawaru was exalted by your worship.
You were hungry.

You visited 3 branches of the dungeon, and saw 17 of its levels.
You also visited: Sewer.

You collected 1892 gold pieces.
You spent 619 gold pieces at shops.

Inventory:

Hand Weapons
 a - a +3 hand axe of chopping (weapon)
 b - the +2 hand crossbow "Orhan" {freeze, rPois rF- rC++}
   (You bought it in a shop on level 7 of the Dungeon)

   It causes projectiles fired from it to freeze those they strike, causing
   extra injury to most foes and up to half again as much damage against
   particularly susceptible opponents.
   They can also slow down cold-blooded creatures.
   It makes you vulnerable to fire.
   It greatly protects you from cold.
   It protects you from poison.
 o - a +2 flail of draining
Missiles
 q - 163 bolts
 y - 9 silver boomerangs (quivered)
Armour
 g - a +1 large shield (worn)
 u - a cursed +0 pair of gloves (worn)
 J - a cursed +0 cloak (worn)
 M - the +8 chain mail of the Great Game (worn) {rCorr Str-2 Dex+5}
   (You bought it in a shop on level 7 of the Dungeon)

   It affects your strength (-2).
   It affects your dexterity (+5).
   It provides partial protection from all sources of acid and corrosion.
 N - a +0 pair of boots (worn)
 P - the cursed +0 plate armour of Xasarpho {rN++ MR+ MP+9 Int-2}
   (You found it on level 5 of the Lair of Beasts)

   It affects your intelligence (-2).
   It greatly protects you from negative energy.
   It affects your resistance to hostile enchantments.
   It affects your magic capacity (+9).
   It has a curse placed upon it.
Jewellery
 f - a ring of resist corrosion (left hand)
 j - an uncursed ring of poison resistance
 m - the ring of Wishful Thinking (right hand) {MR++ SInv}
   (You found it on level 7 of the Dungeon)

   [ring of see invisible]

   It affects your resistance to hostile enchantments.
   It lets you see invisible.
 G - a cursed amulet of magic regeneration (around neck)
 K - an uncursed ring of flight
Wands
 s - a wand of acid (13)
 w - a wand of digging (6)
 A - a wand of random effects (10)
 B - a wand of clouds (3)
 E - a wand of flame (10)
 H - a wand of paralysis (17)
Scrolls
 c - 3 scrolls of blinking
 i - 10 scrolls of identify
 k - 4 scrolls of magic mapping
 r - 8 scrolls of remove curse
 x - a scroll of teleportation
Potions
 h - 11 potions of curing
 l - 2 potions of brilliance
 n - 3 potions of flight
 p - 6 potions of heal wounds
 v - 4 potions of lignification
 z - a potion of invisibility
 C - a potion of resistance
 I - 2 potions of ambrosia
 L - a potion of magic
Miscellaneous
 F - a lightning rod (4/4)
Comestibles
 d - 27 rations


   Skills:
 * Level 11.3(16.3) Fighting
 + Level 10.4(15.4) Axes
 + Level 1.0(11.6) Maces & Flails
   Level 1.1(6.5) Slings
 + Level 5.3(10.3) Crossbows
 + Level 1.2(6.4) Throwing
 * Level 12.4(17.4) Armour
 + Level 3.3(8.3) Dodging
 * Level 15.5(20.5) Shields
 * Level 11.3(16.3) Unarmed Combat
 + Level 2.5 Invocations
 + Level 2.2 Evocations


You had 12 spell levels left.
You didn't know any spells.
Your spell library was empty.

Dungeon Overview and Level Annotations

Branches:
Dungeon (10/15)            Temple (1/1) D:7            Lair (6/6) D:10
  Swamp (0/4) Lair:4       Spider (0/4) Lair:4        Slime (0/5) Lair:6
  Sewer (visited)
    Orc: D:9-12

Altars:
Ashenzari
Cheibriados
Dithmenos
Fedhas
Gozag
Kikubaaqudgha
Makhleb
Nemelex Xobeh
Okawaru
Qazlal
Ru
Sif Muna
Trog
Vehumet
Wu Jian
Xom
Yredelemnul
Zin
Jiyva
Lugonu

Shops:
D:4 ([=!   D:7 :!%(*


Innate Abilities, Weirdness & Mutations

You reflexively headbutt those who attack you in melee.
You have a pair of horns on your head.
You are partially covered in thin metallic scales. (AC +2)
You are dopey. (Int -2)
Your flesh is heat resistant. (rF+)
Your muscles are strong. (Str +2)


Message History

A lindwurm comes into view.
The lindwurm roars!
A komodo dragon comes into view.
The komodo dragon hisses angrily.
A black mamba comes into view.
The black mamba hisses angrily.
A basilisk comes into view.
The basilisk hisses angrily.
You hear an angry hiss.
A seven-headed hydra comes into view.
A lava snake comes into view.
A molten gargoyle comes into view. It is wielding a +0 mace.
As you read the scroll of fear, it crumbles to dust.
You assume a fearsome visage.
The lindwurm looks frightened!
The lava snake looks frightened!
The lava snake hisses angrily.
The seven-headed hydra looks frightened!
The komodo dragon looks frightened!
The black mamba looks frightened!
The molten gargoyle is unaffected.
The basilisk looks frightened!
The molten gargoyle blasts magma at you!
The bolt of magma hits you!! You partially resist.
You die...

l...(..##§
.)......§# #§
##.((...§§
###≈
#####(....
§§≈# ### ....
§§≈≈≈## ..#
... ##§≈≈..##§
# ..## #8##
#.D....l.# #
...###
#≈≈.#.........
# .....#
#...@....k.. #
.....#
##.........# #
....##
#8.........8 #
....#
##.9..S...##
...##
8#.#....... #
...## ####
#...l≈≈ ##
....### #.≈≈≈≈
####.
......###
≈§≈## ###....
........##
####......


You could see a seven-headed hydra (fleeing), a lindwurm (fleeing), a komodo
dragon (fleeing), a black mamba (fleeing), a basilisk (fleeing) and a molten
gargoyle.

Vanquished Creatures
  3 acid blobs (Lair:6)
  A dire elephant (Lair:5)
  4 hydras
  2 two-headed ogres (D:10)
  4 death yaks (Lair:6)
  An unseen horror (D:7)
  An oklob plant (D:9)
  2 ugly things (D:7)
  18 elephants
  3 black mambas
  A torpor snail (Lair:5)
  7 spiny frogs
  5 komodo dragons
  2 polar bears
  3 jumping spiders (Lair:4)
  A hornet (D:10)
  23 blink frogs
  5 dream sheep (Lair:6)
  6 hippogriffs
  Sigmund (D:3)
  A spriggan (D:8)
  A wraith (D:9)
  A basilisk (Lair:4)
  A wyvern (Lair:6)
  16 yaks
  A hungry ghost (D:8)
  Grum (D:8)
  4 swamp worms (Lair:4)
  5 small abominations (D:7)
  2 porcupines
  8 water moccasins
  A swamp drake (Lair:3)
  5 orc warriors
  2 sky beasts
  9 ogres
  A phantom (D:8)
  2 centaurs
  4 wolves (D:8)
  2 necrophages
  5 crocodiles
  4 big kobolds
  7 bullfrogs
  2 scorpions
  2 wights (D:9)
  3 electric eels (Lair:4)
  3 crimson imps
  A jelly (D:5)
  2 bullfrog zombies
  3 human zombies (D:9)
  2 bullfrog skeletons
  A hound (D:10)
  7 orc priests
  2 centaur skeletons
  8 orc wizards
  Jessica (D:3)
  2 iguanas
  6 worker ants
  A hound zombie (D:10)
  2 hound skeletons
  4 mummies (D:9)
  Robin (D:3)
  7 gnolls
  14 adders
  11 river rats
  3 oozes
  2 worms
  5 dart slugs
  3 leopard geckos
  40 orcs
  7 ball pythons
  8 giant cockroaches
  16 goblins
  18 hobgoblins
  25 jackals
  5 quokkas
  8 bats
  4 frilled lizards
  23 kobolds
  A leopard gecko skeleton (D:7)
  An orc zombie (D:9)
  28 rats
  7 plants
465 creatures vanquished.

Vanquished Creatures (collateral kills)
  A hippogriff (Lair:4)
  2 yaks (Lair:4)
  2 worker ants (D:7)
5 creatures vanquished.

Vanquished Creatures (others)
  A molten gargoyle (Lair:6)
  2 spiny frogs
  A yak (Lair:4)
  7 fungi
  2 plants
13 creatures vanquished.

Grand Total: 483 creatures vanquished

Notes
Turn   | Place    | Note
-------+----------+-------------------------------------------
     0 | D:1      | Howlingfantods the Minotaur Fighter began the quest for the
                  | Orb.
     0 | D:1      | Reached XP level 1. HP: 19/19 MP: 0/0
    87 | D:1      | Reached XP level 2. HP: 23/27 MP: 1/1
   150 | D:2      | Reached skill level 4 in Shields
   239 | D:2      | Reached XP level 3. HP: 25/33 MP: 2/2
   546 | D:3      | Reached XP level 4. HP: 38/40 MP: 3/3
   583 | D:4      | Found Onaufigg's Distillery.
   591 | D:4      | Bought a potion of agility for 48 gold pieces
   609 | D:4      | Reached skill level 5 in Shields
   614 | D:4      | Reached XP level 5. HP: 21/46 MP: 4/4
   655 | D:4      | Reached skill level 5 in Armour
   671 | D:4      | Found Syxer's Jewellery Boutique.
   695 | D:4      | Found an ancient bone altar of Kikubaaqudgha.
   702 | D:4      | Reached skill level 1 in Dodging
   732 | D:4      | Found Kuohulau's Antique Weapon Boutique.
   846 | D:4      | Found a glowing drain.
   859 | Sewer    | Entered a sewer
   978 | Sewer    | Reached XP level 6. HP: 15/53 MP: 5/5
  1770 | Sewer    | Reached XP level 7. HP: 60/60 MP: 6/6
  2179 | D:4      | Found Biebbeuxt's Armour Emporium.
  2238 | D:3      | Noticed Jessica
  2243 | D:3      | Killed Jessica
  2243 | D:3      | Reached skill level 6 in Shields
  2277 | D:3      | Noticed Robin
  2294 | D:3      | Killed Robin
  2294 | D:3      | Reached skill level 5 in Unarmed Combat
  2384 | D:2      | You fall into a shaft and drop 2 floors!
  2409 | D:5      | Entered Level 5 of the Dungeon
  2460 | D:5      | Reached skill level 5 in Fighting
  2717 | D:5      | Found a shadowy altar of Dithmenos.
  2850 | D:5      | Reached XP level 8. HP: 63/68 MP: 7/7
  3345 | D:6      | Found a blossoming altar of Fedhas.
  3572 | D:6      | Reached skill level 7 in Shields
  3630 | D:6      | Found a bloodstained altar of Trog.
  3810 | D:6      | Reached skill level 1 in Axes
  4159 | D:7      | Found Uzanny's Book Emporium.
  4210 | D:7      | Noticed a white ugly thing
  4211 | D:7      | Noticed a red ugly thing
  4212 | D:7      | Found a corrupted altar of Lugonu.
  4449 | D:7      | Found Meheagas's Food Emporium.
  4553 | D:7      | Found Quown's Assorted Antiques.
  4563 | D:7      | Bought a scroll labeled VYAJOA UHAI for 23 gold pieces
  4563 | D:7      | Bought an emerald potion for 20 gold pieces
  4564 | D:7      | Gained mutation: You have large cloven feet. [potion of
                  | mutation]
  4564 | D:7      | Gained mutation: Scrolls take you a little longer to read.
                  | [potion of mutation]
  4564 | D:7      | Gained mutation: Your muscles are strong. (Str +2) [potion
                  | of mutation]
  4579 | D:7      | Found a burning altar of Makhleb.
  4579 | D:7      | Noticed a cacodemon
  4582 | D:7      | Noticed an orange demon
  4582 | D:7      | Noticed an orange demon
  4643 | D:7      | Found Bepol's Antique Weapon Emporium.
  4693 | D:7      | Reached skill level 1 in Slings
  4717 | D:7      | Found a staircase to the Ecumenical Temple.
  4729 | Temple   | Entered the Ecumenical Temple
  4740 | Temple   | Became a worshipper of Warmaster Okawaru
  5534 | D:3      | Found an ornate altar of the Wu Jian Council.
  5595 | D:3      | Found a sacrificial altar of Ru.
  5836 | D:3      | Noticed Sigmund
  5839 | D:3      | Killed Sigmund
  5839 | D:3      | Reached skill level 8 in Shields
  5839 | D:3      | Reached XP level 9. HP: 75/75 MP: 8/8
  5852 | D:3      | Found a stormy altar of Qazlal.
  5937 | D:3      | Found a snail-covered altar of Cheibriados.
  6344 | D:7      | Found Epinul's Distillery.
  6408 | D:7      | Bought a twisted hand crossbow for 195 gold pieces
  6486 | D:7      | Found a transporter.
  6486 | D:7      | Found a transporter.
  6551 | D:7      | Identified the +2 hand crossbow "Orhan" {freeze, rPois rF-
                  | rC++} (You bought it in a shop on level 7 of the Dungeon)
  6558 | D:7      | Reached * piety under Okawaru
  6654 | D:7      | Killed a red ugly thing
  6658 | D:7      | Killed an unseen horror
  6658 | D:7      | Reached skill level 5 in Axes
  6658 | D:7      | Reached skill level 1 in Crossbows
  6658 | D:7      | Reached skill level 9 in Shields
  6661 | D:7      | Killed a red ugly thing
  6668 | D:7      | Reached ** piety under Okawaru
  6668 | D:7      | Reached XP level 10. HP: 43/84 MP: 6/9
  6677 | D:7      | Identified the ring of Wishful Thinking {MR++ SInv} (You
                  | found it on level 7 of the Dungeon)
  7126 | D:8      | Reached skill level 1 in Throwing
  7200 | D:8      | Noticed Grum
  7210 | D:8      | Reached skill level 10 in Shields
  7220 | D:8      | Killed Grum
  7245 | D:8      | Found a shimmering altar of Xom.
  7334 | D:8      | Reached *** piety under Okawaru
  7449 | D:8      | Found a shattered altar of Ashenzari.
  7776 | D:9      | Found a blossoming altar of Fedhas.
  7776 | D:9      | Noticed an oklob plant
  7814 | D:9      | Killed an oklob plant
  7977 | D:9      | Found a shattered altar of Ashenzari.
  8008 | D:9      | Reached skill level 11 in Shields
  8402 | D:9      | Found a basalt altar of Yredelemnul.
  8576 | D:10     | Entered Level 10 of the Dungeon
  8635 | D:10     | Reached **** piety under Okawaru
  8659 | D:10     | Noticed a two-headed ogre
  8666 | D:10     | Killed a two-headed ogre
  8666 | D:10     | Reached XP level 11. HP: 88/94 MP: 10/10
  8932 | D:10     | Noticed a two-headed ogre
  8936 | D:10     | Killed a two-headed ogre
  8949 | D:10     | Found a staircase to the Lair.
  9162 | Lair:1   | Entered Level 1 of the Lair of Beasts
  9207 | Lair:1   | Reached skill level 1 in Evocations
  9779 | D:7      | Bought a potion of heal wounds for 115 gold pieces
  9779 | D:7      | Bought a transparent chain mail for 218 gold pieces
  9781 | D:7      | Identified the +8 chain mail of the Great Game {rCorr Str-2
                  | Dex+5} (You bought it in a shop on level 7 of the Dungeon)
  9967 | Lair:2   | Found a shimmering altar of Xom.
  9998 | Lair:2   | Reached skill level 10 in Armour
 10339 | Lair:2   | Reached skill level 12 in Shields
 10343 | Lair:2   | Reached ***** piety under Okawaru
 10984 | Lair:3   | Received a gift from Okawaru
 11893 | Lair:4   | Received a gift from Okawaru
 11897 | Lair:4   | Identified the +1 fustibalus "Enemi" {freeze, rPois rN++
                  | Int-5 Dex+3} (Okawaru gifted it to you on level 4 of the
                  | Lair of Beasts)
 12364 | Lair:4   | Noticed a six-headed hydra
 12371 | Lair:4   | Noticed an eight-headed hydra
 12373 | Lair:4   | Killed a six-headed hydra
 12387 | Lair:4   | Killed an eight-headed hydra
 12650 | Lair:4   | Found a staircase to the Swamp.
 12764 | Lair:4   | Reached skill level 13 in Shields
 12764 | Lair:4   | Reached XP level 12. HP: 94/104 MP: 12/12
 12851 | Lair:4   | Reached skill level 10 in Unarmed Combat
 12867 | Lair:4   | Found a hole to the Spider Nest.
 12883 | Lair:4   | Received a gift from Okawaru
 13494 | Lair:5   | Noticed a dire elephant
 13516 | Lair:5   | Killed a dire elephant
 13554 | Lair:5   | Reached skill level 10 in Fighting
 13829 | Lair:5   | Reached skill level 1 in Invocations
 13865 | Lair:5   | Noticed a five-headed hydra
 13872 | Lair:5   | Killed a five-headed hydra
 13950 | Lair:5   | Received a gift from Okawaru
 13982 | Lair:5   | Identified the +7 chain mail "Avudan" {*Drain rPois SInv}
                  | (Okawaru gifted it to you on level 5 of the Lair of Beasts)
 14074 | Lair:5   | Lost mutation: You have large cloven feet. [potion of
                  | mutation]
 14074 | Lair:5   | Lost mutation: Scrolls take you a little longer to read.
                  | [potion of mutation]
 14074 | Lair:5   | Lost mutation: Your muscles are strong. (Str +2) [potion of
                  | mutation]
 14074 | Lair:5   | Gained mutation: You are dopey. (Int -2) [potion of
                  | mutation]
 14074 | Lair:5   | Gained mutation: Your flesh is cold resistant. (rC+)
                  | [potion of mutation]
 14074 | Lair:5   | Gained mutation: You tend to lose your temper in combat.
                  | [potion of mutation]
 14074 | Lair:5   | Gained mutation: Your muscles are strong. (Str +2) [potion
                  | of mutation]
 14173 | Lair:5   | Identified a scroll of acquirement
 14319 | Lair:5   | Noticed a six-headed hydra
 14330 | Lair:5   | Killed a six-headed hydra
 14379 | Lair:5   | Lost mutation: You tend to lose your temper in combat.
                  | [potion of mutation]
 14379 | Lair:5   | Lost mutation: Your flesh is cold resistant. (rC+) [potion
                  | of mutation]
 14379 | Lair:5   | Gained mutation: Your flesh is heat resistant. (rF+)
                  | [potion of mutation]
 14379 | Lair:5   | Gained mutation: You are partially covered in thin metallic
                  | scales. (AC +2) [potion of mutation]
 14452 | Lair:5   | Identified the cursed +0 plate armour of Xasarpho {rN++ MR+
                  | MP+9 Int-2} (You found it on level 5 of the Lair of Beasts)
 14528 | Lair:5   | Reached XP level 13. HP: 99/114 MP: 13/13
 14530 | Lair:5   | Reached skill level 14 in Shields
 14543 | Lair:5   | Reached skill level 1 in Maces & Flails
 14913 | Lair:6   | Entered Level 6 of the Lair of Beasts
 14930 | Lair:6   | Found a runed translucent door.
 14931 | Lair:6   | Noticed an acid blob
 14932 | Lair:6   | Found a viscous altar of Jiyva.
 14933 | Lair:6   | Found a staircase to the Slime Pits.
 14933 | Lair:6   | Noticed an acid blob
 14933 | Lair:6   | Noticed an acid blob
 14951 | Lair:6   | Killed an acid blob
 15422 | Lair:6   | Received a gift from Okawaru
 15426 | Lair:6   | Reached skill level 5 in Crossbows
 15498 | Lair:6   | Killed an acid blob
 15498 | Lair:6   | Reached skill level 10 in Axes
 15811 | Lair:6   | Killed an acid blob
 16319 | Lair:6   | Reached skill level 15 in Shields
 16635 | Lair:6   | Reached ****** piety under Okawaru
 16672 | Lair:6   | Received a gift from Okawaru
 16812 | Lair:6   | Killed from afar by a molten gargoyle

Levels and vault maps discovered:
D:1:      matt_arrival_spirals, layout_rooms, wad_floor_pattern_2
D:2:      layout_rooms, first_ration
D:3:      layout_loops_ring, overflow_temple_1_default,
          nicolae_ru_great_annihilating_truth, lemuel_coloured_pillars_altar,
          kennysheep_slug_shrine, moated_statue, uniq_robin, uniq_jessica,
          uniq_sigmund
D:4:      layout_cave_pools, kiku_gazebo_pond_becter, serial_shops, shop_statue,
          shop, shop, kennysheep_little_box, portal_sewer_entry_e,
          grunt_decor_mini_mirrors
D:5:      layout_basic, kennysheep_mini_moat
D:6:      layout_gridville, lightli_temple_of_fire, old_standard_altar,
          bh_walls_and_bars
D:7:      gammafunk_corrupted_shrine, layout_basic, makhleb_altar_promises_db,
          minmay_temple_entry_butterflies, serial_shops, nicolae_shop_trees,
          shop_coins, nicolae_shop_behind_doors,
          nicolae_shop_overgrown_old_shop, shop_statue
D:8:      layout_basic, lemuel_round_altar, kennysheep_mini, grunt_pizzeria,
          minmay_misc_feat_ornament, minivault_23, uniq_grum
D:9:      layout_gridville, lemuel_mausoleum_altar_yredelemnul, basic_altar,
          lemuel_oklob_altar
D:10:     layout_basic, dpeg_oklobed_lair
Temple:   eino_wide_crystal_templ
Lair:1:   layout_cave_shapes, lemuel_fruit_tree, grunt_megastairs_3,
          lemuel_fruit_fields
Lair:2:   layout_gridlike, basic_altar, infiniplex_staircase_pool
Lair:3:   layout_cave_pods, hibernation_bobbens, grunt_megastairs_5
Lair:4:   layout_hall_layers, palyth_hydra_swamp_entry, spider_nest_entry_a,
          serial_bayou, serial_bayou_pond_d, serial_bayou_pond_c,
          serial_bayou_lake_a, serial_bayou_pond_d
Lair:5:   beast_lair_carwin_large_3, layout_cave_pods,
          infiniplex_staircase_pool_2
Lair:6:   cheibrodos_lair_end_hotspot, layout_regular_city, slime_altar_2,
          nicolae_quartered_pool_medium, minivault_23

Skill      XL: |  1  2  3  4  5  6  7  8  9 10 11 12 13 |
---------------+----------------------------------------+-----
Armour         | 4 5 6 7 8 9 10 11 12 | 12.4
Shields        | 4 5 6 8 9 11 13 15 | 15.5
Fighting       | 4 5 6 8 9 10 11 | 11.3
Unarmed Combat | 3 4 6 7 8 9 10 11 | 11.3
Dodging        | 1 2 3 |  3.3
Axes           | 3 5 7 8 9 10 | 10.4
Slings         | 1 |  1.1
Crossbows      | 1 2 3 4 5 |  5.3
Throwing       | 1 |  1.2
Evocations     | 1 2 |  2.2
Invocations    | 1 2 |  2.5
Maces & Flails | 1 |  1.0

Action                   |  1- 3 |  4- 6 |  7- 9 | 10-12 | 13-15 || total
-------------------------+-------+-------+-------+-------+-------++-------
Melee: Unarmed           |   126 |   206 |   152 |       |       ||   484
       Headbutt          |    16 |    34 |    76 |   215 |    97 ||   438
       Hand axe          |       |       |   243 |   797 |   264 ||  1304
       Kick              |       |       |    37 |   142 |       ||   179
       Flail             |       |       |       |    14 |       ||    14
 Fire: Hunting sling     |       |       |    19 |       |       ||    19
       Hand crossbow     |       |       |     4 |   121 |    47 ||   172
Throw: Throwing net      |     1 |       |     4 |       |       ||     5
       Dart              |       |       |     3 |     5 |       ||     8
       Boomerang         |       |       |       |     5 |     1 ||     6
Invok: Heroism           |       |       |     2 |     9 |     9 ||    20
       Finesse           |       |       |       |     3 |     5 ||     8
Evoke: Wand              |       |       |     4 |    27 |    13 ||    44
       Lightning rod     |       |       |       |     1 |       ||     1
  Use: Potion            |     3 |     2 |     9 |     5 |     3 ||    22
       Scroll            |     5 |     1 |     6 |    14 |     7 ||    33
 Stab: Held in net/web   |     1 |       |       |       |       ||     1
       Paralysed         |       |       |     1 |       |       ||     1
  Eat: Chunk             |       |     3 |    12 |     5 |     4 ||    24
       Ration            |       |       |     1 |     7 |     1 ||     9
Armor: Scale mail        |    44 |    64 |    20 |       |       ||   128
       Plate armour      |       |       |   161 |   103 |       ||   264
       Chain mail        |       |       |       |   173 |    87 ||   260
Dodge: Dodged            |    39 |    68 |    80 |   122 |    55 ||   364
Block: Shield            |    50 |   123 |   197 |    67 |       ||   437
       Large shield      |       |       |       |   576 |   236 ||   812
